 Dungeon Crawl Stone Soup version 0.29.1-1-gd02db6906a (webtiles) character file.

Game seed: 13879202202660105409

58454 GeoRichter the Unseen (level 14, -5/79 HPs)
             Began as a Spriggan Enchanter on Oct 22, 2022.
             Was an Initiate of Gozag.
             Killed by the raging water
             ... invoked by a water nymph
              (23 damage)
             ... on level 12 of the Dungeon.
             The game lasted 01:18:21 (24303 turns).

GeoRichter the Unseen (Spriggan Enchanter)         Turns: 24303, Time: 01:18:22

Health: -5/79      AC: 10    Str:  4    XL:     14   Next: 49%
Magic:  23/25      EV: 28    Int: 18    God:    Gozag
Gold:   4221       SH:  0    Dex: 19    Spells: 18/27 levels left

rFire   . . .      SeeInvis +   j - +6 dagger (holy)
rCold   + + .      Faith    .   (no shield)
rNeg    . . .      Spirit   .   N - +2 robe {rC+}
rPois   .          Reflect  .   (helmet restricted)
rElec   .          Harm     .   w - +1 cloak
rCorr   .          Rampage  .   (gloves unavailable)
Will    ++...                   (boots unavailable)
Stlth   ++++......              g - amulet of regeneration
HPRegen 1.03/turn               G - +4 ring of protection
MPRegen 0.19/turn               J - ring of protection from cold

@: confusing by touch, gold aura, slow
A: very small, no large weapons, unfitting armour, see invisible, speed 3
a: Renounce Religion, Potion Petition, Call Merchant, Bribe Branch


You were on level 12 of the Dungeon.
You worshipped Gozag.
Gozag was most pleased with you.
You visited 3 branches of the dungeon, and saw 18 of its levels.
You also visited: Ice Cave.

You collected 4676 gold pieces.
You spent 126 gold pieces at shops.
You paid 329 gold pieces to Gozag.

Inventory:

Hand Weapons
 j - a +6 dagger of holy wrath (weapon)
   (You took it off a kobold on level 1 of the Dungeon)
 B - a +2 rapier of freezing
   (You found it on level 8 of the Dungeon)
Missiles
 i - 65 poisoned darts (quivered)
Armour
 w - a +1 cloak (worn)
   (You bought it in a shop on level 6 of the Dungeon)
 x - a +0 robe of fire resistance
   (You took it off Pikel on level 7 of the Dungeon)
 N - a +2 robe of cold resistance (worn)
   (You took it off Fannar on level 10 of the Dungeon)
Jewellery
 g - an amulet of regeneration (around neck)
   (You found it on level 1 of the Dungeon)
 m - a ring of fire
   (You found it on level 3 of the Dungeon)
 u - a +6 ring of intelligence
   (You found it on level 3 of the Lair of Beasts)
 y - a +4 ring of evasion
   (You found it on level 7 of the Dungeon)
 G - a +4 ring of protection (left hand)
   (You found it on level 4 of the Lair of Beasts)
 J - a ring of protection from cold (right hand)
   (You found it on level 10 of the Dungeon)
 O - a ring of resist corrosion
   (You found it on level 11 of the Dungeon)
Wands
 p - a wand of mindburst (26)
   (You found it on level 5 of the Dungeon)
 s - a wand of paralysis (7)
   (You found it on level 6 of the Dungeon)
 A - a wand of polymorph (9)
   (You took it off Maggie on level 8 of the Dungeon)
 L - a wand of light (4)
   (You found it on level 5 of the Lair of Beasts)
Scrolls
 b - 3 scrolls of amnesia
 e - 2 scrolls of poison {!r}
 f - 4 scrolls of enchant armour
 h - 11 scrolls of teleportation {@r4}
 n - 3 scrolls of butterflies
 t - 2 scrolls of immolation {!r}
 C - 2 scrolls of blinking
 F - a scroll of silence
 H - a scroll of vulnerability {!r}
 I - 2 scrolls of magic mapping
 K - 4 scrolls of identify {@r1}
Potions
 a - 2 potions of ambrosia
 c - 5 potions of invisibility
 d - 10 potions of curing {@q1}
 k - 6 potions of haste {@q3}
 l - a potion of flight {unknown}
 o - 2 potions of berserk rage {unknown}
 q - 2 potions of heal wounds {@q2}
 v - a potion of mutation {!q}
 z - 4 potions of attraction {!q}
 D - 4 potions of cancellation
 E - a potion of magic
 M - 3 potions of might {unknown}
Miscellaneous
 r - a tin of tremorstones (inert)
   (You found it on level 5 of the Lair of Beasts)


   Skills:
 + Level 11.8 Fighting
 + Level 10.1 Short Blades
 + Level 13.2 Dodging
 + Level 18.8 Stealth
 + Level 7.2 Spellcasting
 * Level 11.2 Hexes
 - Level 9.0 Evocations


You had 18 spell levels left.
You knew the following spells:

 Your Spells              Type           Power      Damage    Failure   Level
a - Slow                  Hex            100%       N/A       1%          1
b - Ensorcelled Hibernat  Hex/Ice        52%        N/A       1%          2
c - Confusing Touch       Hex            47%        N/A       1%          3
d - Tukima's Dance        Hex            47%        N/A       1%          3

Your spell library contained the following spells:

 Spells                   Type           Power      Damage    Failure   Level
 Dazzling Flash           Conj/Hex       52%        N/A       3%          3
 Inner Flame              Hex/Fire       26%        N/A       3%          3
 Foxfire                  Conj/Fire      24%        2x1d5     11%         1
 Static Discharge         Conj/Air       6%         3-4/arc   16%         2
 Metabolic Englaciation   Hex/Ice        13%        N/A       28%         5
 Yara's Violent Unravell  Hex/Tmut       13%        3d7       28%         5
 Conjure Flame            Conj/Fire      6%         6-21      32%         3
 Gell's Gravitas          Tloc           6%         N/A       32%         3
 Lesser Beckoning         Tloc           6%         N/A       32%         3
 Ozocubu's Armour         Ice            6%         N/A       32%         3
 Teleport Other           Tloc           6%         N/A       32%         3
 Vampiric Draining        Necr           6%         2d6       32%         3
 Enfeeble                 Hex            23%        N/A       65%         7
 Dispel Undead            Necr           6%         3d8       71%         4
 Flame Wave               Conj/Fire      6%         2d5       71%         4
 Sticky Flame             Conj/Fire      6%         2d3       71%         4
 Simulacrum               Ice/Necr       Unusable   N/A       N/A         6

Dungeon Overview and Level Annotations

Branches:
Dungeon (12/15) Zot: 26606  Temple (1/1) D:5 Zot: 5988    Lair (5/5) D:10 Zot: 23354
 Shoals (0/4) Lair:2       Spider (0/4) Lair:2        Slime (0/5) Lair:4
    Orc (0/2) D:12          IceCv (visited)

Altars:
Ashenzari
Cheibriados
Dithmenos
Fedhas
Gozag
Hepliaklqana
Kikubaaqudgha
Makhleb
Okawaru
Qazlal
Trog
Uskayaw
Vehumet
Xom
Yredelemnul
Zin
The Shining One
Jiyva

Shops:
D:4 (   D:6 ?[[

Annotations:
Lair:2 2 runed translucent doors, duchin's ghost, journeyman FeBe
Lair:3 2 transporters, Ceyvaan's ghost, journeyman DEFE


Innate Abilities, Weirdness & Mutations

You are very small and have problems with some larger weapons.
You are too small for most types of armour.
You have supernaturally acute eyesight. (SInv)
You cover ground extremely quickly. (Speed+++)


Message History

The tin is emptied!
Okay, then.
Aim: a very large slime creature (moderately wounded, will probably split, will become a blink frog, a water nymph, or a merfolk, chance to affect: 51%)
The very large slime creature resists with significant effort.
That's the wrong kind of item! (Use * to select it.)
You don't have any such object.
You don't have any such object.
Okay, then.
Aim: a very large slime creature (moderately wounded, will probably split, will become a blink frog, a water nymph, or a merfolk, chance to affect: 51%)
A very large slime creature splits.
The slime creature evaporates and reforms as a water nymph!
A large slime creature splits.
The slime creature evaporates and reforms as a water nymph!
The slime creature evaporates and reforms as a merfolk!
Do you want to bribe the denizens of the Dungeon?
Okay, then.
Your hands begin to glow red.
Splash!
You fall into the shallow water.
Moving in this stuff is going to be slow.
Your unstable footing causes you to fumble your attack.
You hit the water nymph but do no damage.
The merfolk is distracted by your dazzling golden aura.
The water nymph casts a spell at you. The water swirls and strikes you!
* * * LOW HITPOINT WARNING * * *
The merfolk shouts!
The water nymph flows with the water.
You hit the water nymph but do no damage.
You hit the water nymph but do no damage.
Splash!
You fall into the shallow water.
Moving in this stuff is going to be slow.
The water nymph attacks as you move away!
The water nymph touches you!
* * * LOW HITPOINT WARNING * * *
The water nymph drowns you!
* * * LOW HITPOINT WARNING * * *
The water nymph attacks as you move away!
The water nymph completely misses you.
Splash!
You fall into the shallow water.
Moving in this stuff is going to be slow.
Splash!
You fall into the shallow water.
Moving in this stuff is going to be slow.
The water nymph gestures at you while chanting.
The water swirls and strikes you!!
You die...
Your body crumbles into a pile of gold.

#........#
###.#.####
##.#.#
######..#.#
#...##.##.#
##......##.#
#....####..#
#.#### #..##
### ##.#
##@##
#.####..#
###m~#
#...#..##
#m~~##
###.#.##
#~### ##.#.#
#m# ##.(..#
#~#
###..#.##
#~#
....##.##
#~#
.#####..#
#$#


You could see a merfolk and 2 water nymphs.

Vanquished Creatures
  Snorg (D:10)
  A fire dragon (Lair:5)
  Fannar (D:10)
  An ice dragon (Lair:3)
  2 hydras
  2 boulder beetles
  4 catoblepae
  3 two-headed ogres
  Nergalle (D:12)
  Pikel (D:7)
  A lindwurm (Lair:5)
  A necromancer (Lair:2)
  3 manticores
  Maurice (D:8)
  5 cyclopes
  14 elephants
  Joseph (D:8)
  2 molten gargoyles (Lair:5)
  3 black mambas
  16 cane toads
  13 komodo dragons
  2 unseen horrors
  2 rime drakes
  2 kobold demonologists
  An ice devil (IceCv)
  2 merfolk (Lair:2)
  4 trolls
  4 polar bears
  3 hornets
  8 slime creatures (D:12)
  A tarantella (Lair:2)
  21 blink frogs
  A shadow (D:9)
  A vampire (D:11)
  4 wyverns
  45 yaks
  A wraith (D:9)
  3 fire bats (Lair:3)
  2 fire elementals
  10 basilisks
  A vampire mosquito (D:11)
  A warg (D:12)
  2 acid dragons (D:11)
  4 hell hounds (Lair:5)
  16 water moccasins
  6 orc warriors
  An ogre (D:5)
  7 centaurs
  13 wolves
  2 phantoms (D:5)
  8 kobold brigands
  7 bullfrogs
  A gnoll sergeant (D:4)
  2 two-headed ogre simulacra (IceCv)
  2 necrophages
  3 scorpions
  14 wights
  An elephant simulacrum (IceCv)
  16 killer bees
  6 howler monkeys
  6 lava snakes
  4 jellies (Lair:4)
  2 hounds
  8 orc priests
  4 iguanas
  5 orc wizards
  3 yak simulacra (Lair:2)
  A troll simulacrum (IceCv)
  4 polar bear simulacra
  4 wolf simulacra (Lair:2)
  9 gnolls
  6 adders
  3 shadow imps
  A white imp (IceCv)
  4 ufetubi
  A worm (D:5)
  A dart slug (D:3)
  26 orcs
  7 endoplasms
  A giant cockroach (D:3)
  9 goblins
  6 hobgoblins
  3 jackals (D:3)
  3 quokkas
  5 ball pythons
  2 bats (D:3)
  A frilled lizard (D:2)
  18 kobolds
  4 rats
  A river rat simulacrum (Lair:2)
  A fire vortex (Lair:3)
460 creatures vanquished.

Vanquished Creatures (collateral kills)
  A two-headed ogre (D:11)
  Maggie (D:8)
  A centaur (D:11)
  A kobold brigand (D:10)
  3 wights
  2 orc priests
  2 orc wizards
  5 orcs
  2 kobolds
18 creatures vanquished.

Vanquished Creatures (others)
  3 blink frogs (Lair:4)
  15 dancing weapons
  24 fungi
  41 plants
83 creatures vanquished.

Grand Total: 561 creatures vanquished

Notes
Turn   | Place    | Note
-------+----------+-------------------------------------------
     0 | D:1      | GeoRichter the Spriggan Enchanter began the quest for the
                  | Orb.
     0 | D:1      | Reached XP level 1. HP: 9/9 MP: 5/5
   214 | D:1      | Learned a level 1 spell: Slow
   262 | D:1      | Reached XP level 2. HP: 9/13 MP: 4/6
  1014 | D:2      | Learned a level 2 spell: Ensorcelled Hibernation
  1033 | D:2      | Reached skill level 5 in Stealth
  1033 | D:2      | Reached XP level 3. HP: 10/16 MP: 8/8
  1129 | D:2      | Learned a level 3 spell: Confusing Touch
  1539 | D:2      | Reached XP level 4. HP: 21/21 MP: 4/9
  1679 | D:2      | Found a faded altar of an unknown god.
  2197 | D:3      | Reached XP level 5. HP: 24/24 MP: 7/10
  2404 | D:3      | Reached skill level 6 in Stealth
  2639 | D:3      | Reached skill level 5 in Hexes
  2735 | D:3      | Learned a level 3 spell: Tukima's Dance
  3076 | D:4      | Found Fazuhug's Weapon Shoppe.
  3103 | D:4      | Found a basalt altar of Yredelemnul.
  3113 | D:4      | Found a glowing silver altar of Zin.
  3424 | D:4      | Reached XP level 6. HP: 28/28 MP: 8/11
  3522 | D:4      | Reached skill level 5 in Short Blades
  4031 | D:4      | Reached skill level 7 in Stealth
  4053 | D:5      | Entered Level 5 of the Dungeon
  4067 | D:5      | Reached XP level 7. HP: 32/32 MP: 12/12
  4363 | D:5      | Found a staircase to the Ecumenical Temple.
  4372 | Temple   | Entered the Ecumenical Temple
  4381 | Temple   | Became a worshipper of Gozag Ym Sagoz the Greedy
  5240 | D:6      | Found Pulisac's Armour Shoppe.
  5268 | D:6      | Found Paosiril's Antique Armour Boutique.
  5290 | D:6      | Reached skill level 8 in Stealth
  5509 | D:6      | Reached XP level 8. HP: 36/36 MP: 8/13
  5564 | D:6      | Found a shimmering altar of Xom.
  6138 | D:6      | Found Hefrozun's Magic Scroll Shop.
  6252 | D:6      | Reached skill level 9 in Stealth
  6371 | D:6      | Found a hide-covered altar of Uskayaw.
  6934 | D:6      | Bought a cloak for 126 gold pieces
  6976 | D:7      | Noticed Pikel
  6982 | D:7      | Noticed a hornet
  7063 | D:7      | Killed Pikel
  7064 | D:7      | Reached skill level 10 in Stealth
  7064 | D:7      | Reached XP level 9. HP: 39/39 MP: 8/14
  7197 | D:6      | Paralysed by a hornet for 1 turns
  7395 | D:7      | Found an iron altar of Okawaru.
  7625 | D:7      | Reached skill level 10 in Short Blades
  8006 | D:8      | Found a shadowy altar of Dithmenos.
  8143 | D:8      | Noticed Maggie
  8158 | D:8      | Killed Maggie
  8159 | D:8      | Reached skill level 11 in Stealth
  8339 | D:8      | Found an ancient bone altar of Kikubaaqudgha.
  8355 | D:8      | Found the +7 mace of Variability {chain chaos}
  9093 | D:8      | Found a stormy altar of Qazlal.
  9161 | D:8      | Noticed Maurice
  9164 | D:8      | Noticed Joseph
  9168 | D:8      | Killed Maurice
  9169 | D:8      | Reached skill level 5 in Evocations
  9216 | D:8      | Killed Joseph
  9217 | D:8      | Reached XP level 10. HP: 39/44 MP: 10/18
  9478 | D:9      | Reached skill level 12 in Stealth
  9512 | D:9      | Reached skill level 1 in Fighting
  9581 | D:9      | HP: 2/45 [poisoned by a killer bee]
  9588 | D:9      | Reached skill level 5 in Spellcasting
 10433 | D:9      | Noticed a two-headed ogre
 10447 | D:9      | Killed a two-headed ogre
 10570 | D:10     | Entered Level 10 of the Dungeon
 10582 | D:10     | Reached skill level 10 in Hexes
 10699 | D:10     | Noticed a boulder beetle
 10707 | D:10     | Killed a boulder beetle
 10788 | D:10     | Reached skill level 5 in Dodging
 10899 | D:10     | Reached skill level 13 in Stealth
 10952 | D:10     | Found a staircase to the Lair.
 10991 | D:10     | Reached XP level 11. HP: 34/53 MP: 16/21
 11186 | D:10     | Noticed a two-headed ogre
 11192 | D:10     | Killed a two-headed ogre
 11685 | Lair:1   | Entered Level 1 of the Lair of Beasts
 11732 | Lair:1   | Noticed Fannar
 12037 | Lair:1   | Reached skill level 5 in Fighting
 12551 | Lair:1   | Reached skill level 14 in Stealth
 13775 | Lair:2   | Found a hole to the Spider Nest.
 13846 | Lair:2   | Reached XP level 12. HP: 62/62 MP: 23/23
 14530 | Lair:2   | Reached skill level 15 in Stealth
 14773 | Lair:2   | Found a staircase to the Shoals.
 14921 | Lair:2   | Found a large runed translucent door.
 14922 | Lair:2   | Found a large runed translucent door.
 14924 | Lair:2   | Noticed duchin's ghost (journeyman FeBe)
 15668 | Lair:3   | Found a frozen archway.
 15670 | Lair:3   | Noticed an ice dragon
 16115 | Lair:3   | Killed an ice dragon
 16130 | IceCv    | Entered an ice cave
 16617 | Lair:3   | Found a transporter.
 16628 | Lair:3   | Noticed Ceyvaan's ghost (journeyman DEFE)
 16641 | Lair:3   | Found a bloodstained altar of Trog.
 16648 | Lair:3   | Found a transporter.
 16741 | Lair:3   | Reached skill level 16 in Stealth
 16798 | Lair:3   | Reached skill level 10 in Dodging
 16967 | Lair:3   | Noticed a boulder beetle
 16974 | Lair:3   | Killed a boulder beetle
 16975 | Lair:3   | Reached XP level 13. HP: 70/70 MP: 24/24
 17708 | Lair:4   | Found a staircase to the Slime Pits.
 17708 | Lair:4   | Found a viscous altar of Jiyva.
 17911 | Lair:4   | Found a radiant altar of Vehumet.
 18180 | Lair:4   | Identified the +8 morningstar "Citean" {venom, rPois rC++}
 18426 | Lair:4   | Reached skill level 17 in Stealth
 18465 | Lair:4   | Reached skill level 10 in Fighting
 19188 | Lair:5   | Entered Level 5 of the Lair of Beasts
 20222 | Lair:5   | Noticed a fire dragon
 20516 | Lair:5   | Reached XP level 14. HP: 61/79 MP: 20/25
 20550 | Lair:5   | Reached skill level 18 in Stealth
 20600 | Lair:5   | Found a large runed translucent door.
 20601 | Lair:5   | Found a large runed translucent door.
 21310 | D:10     | Killed Fannar
 21375 | D:11     | Noticed Snorg
 21400 | D:10     | Killed Snorg
 23871 | D:12     | Found a staircase to the Orcish Mines.
 24013 | D:12     | Noticed Nergalle
 24020 | D:12     | Killed Nergalle
 24303 | D:12     | Killed from afar by a water nymph

Illustrated notes

Levels and vault maps discovered:
D:1:      lemuel_arrival_tunnels, layout_rooms
D:2:      layout_rooms, hellmonk_ecumenical_altar_leap_of_faith,
          nicolae_kite_square_tiling_tiny
D:3:      layout_loops_ring
D:4:      layout_basic, minitemple, serial_shops,
          nicolae_shop_bloodbath_and_beyond
D:5:      layout_basic, minmay_temple_entry_waves,
          hangedman_abyss_or_decor_passed
D:6:      layout_basic, mainiacjoe_overflow_tiny_flanked,
          mainiacjoe_overflow_24_doors, serial_shops, shop, shop,
          nicolae_take_the_stairs
D:7:      layout_loops_ring, okawaru_altar_gauntlet_db, uniq_pikel
D:8:      layout_cave_pods, grunt_dithmenos_smoke, kennysheep_mini_moat,
          kiku_gazebo_pond_becter, chequers_serial_rivers_micro_b,
          kennysheep_small_square, uniq_maurice, uniq_maggie, uniq_joseph
D:9:      layout_rooms
D:10:     layout_roguey, lair_entry_dummy, nzn_sisyphean_effort
D:11:     layout_stronghold, minmay_joined_circles, uniq_snorg
D:12:     layout_rooms, david_orc_3, uniq_nergalle
Temple:   nicolae_temple_two_arcs
Lair:1:   layout_cave_pods, serial_bayou_shore_a, uniq_fannar
Lair:2:   layout_cave_pods, elwin_shoals_entry_rooms, spider_nest_entry_rubble,
          ebering_ghost_disaster_area, eino_house_with_fridge,
          infiniplex_staircase_pool_2
Lair:3:   nzn_motion_control, layout_gridlike,
          gammafunk_ghost_wrathful_warriors,
          portal_ice_cave_entry_animals_and_master
Lair:4:   layout_cave_pods, nicolae_slime_entry_slimehenge, basic_altar,
          serial_bayou_pond_b, grunt_megastairs_3
Lair:5:   cheibrodos_lair_end_hotspot, layout_long_grid

Skill      XL: |  1  2  3  4  5  6  7  8  9 10 11 12 13 14 |
---------------+-------------------------------------------+-----
Short Blades   | 2 3 4 5 7 9 10 | 10.1
Hexes          | 4 5 6 8 9 10 11 | 11.2
Stealth        | 5 6 7 8 10 11 13 14 16 17 18 | 18.8
Spellcasting   | 4 6 7 |  7.2
Evocations     | 5 6 9 |  9.0
Fighting       | 4 6 8 11 | 11.8
Dodging        | 5 7 10 12 13 | 13.2

Action                   |  1- 3 |  4- 6 |  7- 9 | 10-12 | 13-15 || total
-------------------------+-------+-------+-------+-------+-------++-------
Melee: Dagger            |    82 |   153 |   286 |   831 |   755 ||  2107
       Punch             |       |     1 |     5 |    15 |    11 ||    32
Throw: Dart              |       |     6 |     2 |    34 |    14 ||    56
 Cast: Slow              |     7 |     5 |    36 |    48 |    27 ||   123
       Ensorcelled Hiber |     7 |    32 |     7 |    22 |     4 ||    72
       Confusing Touch   |       |     1 |    24 |   116 |   140 ||   281
       Tukima's Dance    |       |       |    33 |    25 |    26 ||    84
Invok: Potion Petition   |       |       |       |     1 |       ||     1
Evoke: Wand              |       |       |       |    24 |     8 ||    32
       Tin of tremorston |       |       |       |       |     2 ||     2
  Use: Potion            |       |       |       |     1 |       ||     1
       Scroll            |       |       |       |    21 |     4 ||    25
 Stab: Sleeping          |    11 |    26 |    13 |    40 |    34 ||   124
       Distracted        |       |     1 |     4 |     5 |     4 ||    14
       Confused          |       |     1 |    22 |   100 |   134 ||   257
       Paralysed         |       |       |       |     4 |     1 ||     5
       Invisible         |       |       |       |       |     1 ||     1
Armor: Robe              |     4 |     7 |    12 |    43 |    50 ||   116
Dodge: Dodged            |    34 |   106 |    97 |   439 |   482 ||  1158
